 Dungeon Crawl Stone Soup version 0.21-a0-361-g4efd3f9 (webtiles) character file.

65 Dfrag the Firebug (level 3, 0/24 HPs)
             Began as a Demonspawn Fire Elementalist on Oct 13, 2017.
             Slain by a worm (10 damage)
             ... on level 2 of the Dungeon.
             The game lasted 00:01:48 (972 turns).

Dfrag the Firebug (Demonspawn Fire Elementalist)     Turns: 972, Time: 00:01:49

Health: 0/24       AC:  2    Str:  8    XL:     3   Next: 92%
Magic:  0/7        EV: 12    Int: 17    God:
Gold:   10         SH:  0    Dex: 13    Spells: 6/7 levels left

rFire    . . .     SeeInvis .   (no weapon)
rCold    . . .     Gourm    .   (no shield)
rNeg     . . .     Faith    .   a - +0 robe
rPois    .         Spirit   .   (no helmet)
rElec    .         Reflect  .   (no cloak)
rCorr    .         Harm     .   (no gloves)
MR       .....                  (no boots)
Stlth    +++.......             (no amulet)
HPRegen  0.08/turn              i - ring of stealth
MPRegen  0.10/turn              (no ring)

@: no status effects
A: hooves 1
a: no special abilities


You were on level 2 of the Dungeon.
You were not hungry.

You visited 1 branch of the dungeon, and saw 2 of its levels.

You collected 10 gold pieces.

Inventory:

Hand Weapons
 d - a +1 vampiric hand axe
Armour
 a - a +0 robe (worn)
Jewellery
 i - a ring of stealth (left hand)
Scrolls
 f - a scroll of random uselessness {unknown}
 j - a scroll of identify {unknown}
Potions
 e - a potion of magic {unknown}
Books
 b - a book of Flames

   Spells                             Type                      Level
   a - Flame Tongue                   Conjuration/Fire             1
   b - Throw Flame                    Conjuration/Fire             2
   c - Conjure Flame                  Conjuration/Fire             3
   d - Inner Flame                    Hexes/Fire                   3
   e - Sticky Flame                   Conjuration/Fire             4
   f - Fireball                       Conjuration/Fire             5
Comestibles
 c - 2 bread rations
 g - a royal jelly
 h - 3 fruits
 k - 2 chunks of flesh


   Skills:
 - Level 1.7 Dodging
 - Level 1.7 Stealth
 + Level 2.7 Spellcasting
 + Level 2.3 Conjurations
 + Level 3.3 Fire Magic


You had 6 spell levels left.
You knew the following spells:

 Your Spells              Type           Power        Failure   Level  Hunger
a - Flame Tongue          Conj/Fire      ##...        5%          1    #......


Dungeon Overview and Level Annotations

Branches:
Dungeon (2/15)

Altars:
Ashenzari


Innate Abilities, Weirdness & Mutations

You have large cloven feet.


Message History

The flame tongue hits Terence.
Terence is severely wounded.
Terence hits you but does no damage.
Casting: Flame Tongue
Confirm with . or Enter, or press ? or * to list all spells.
Aiming: Flame Tongue
Press: ? - help, Shift-Dir - straight line, f/p - Terence
Aim: Terence, wielding a hand axe and wearing a scale mail (severely wounded)
The flame tongue hits Terence.
You kill Terence!
Casting: Flame Tongue
Confirm with . or Enter, or press ? or * to list all spells.
You don't have enough magic to cast that spell.
Unknown command.
Casting: Flame Tongue
Confirm with . or Enter, or press ? or * to list all spells.
You don't have enough magic to cast that spell.
Unknown command.
The worm bites you!
You die...

#.....####..............
#.###...###............. #.#
###.......@##....... #.#
###.................
#.###...######.##@w.....
###.#...# #.......?..
###...#.#.# ########........
#...###.#.###.<.............
###.##.....(.@w.#######.......
#.........(<##### #.......
###......)...# ########
#........†..# #..........>#
#..#.........# ####..<......#
#.........# #.........#


You could see a worm.

Vanquished Creatures
  Terence (D:2)
  A dart slug (D:1)
  7 bats
  8 hobgoblins
  A ball python (D:1)
  2 frilled lizards
  5 goblins (D:1)
  3 kobolds
  9 rats
37 creatures vanquished.

Notes
Turn   | Place    | Note
-------+----------+-------------------------------------------
     0 | D:1      | Dfrag the Demonspawn Fire Elementalist began the quest for the Orb.
     0 | D:1      | Reached XP level 1. HP: 13/13 MP: 3/3
    21 | D:1      | Found a shattered altar of Ashenzari.
   221 | D:1      | Gained mutation: You have large cloven feet. [demonic ancestry]
   221 | D:1      | Reached XP level 2. HP: 8/19 MP: 0/5
   350 | D:1      | Reached skill level 3 in Fire Magic
   647 | D:1      | Reached XP level 3. HP: 5/24 MP: 0/6
   877 | D:2      | Noticed Terence
   971 | D:2      | Killed Terence
   972 | D:2      | Slain by a worm

Vault maps used:
D:1:      tarquinn_simple_flora_water_c, minmay_misc_feat_alley, st_stairs_3,
          nicolae_ashenzari_panopticon
D:2:      lemuel_doored_altar, minivault_5, uniq_crazy_yiuf_cottage,
          uniq_terence

Skill      XL: |  1  2  3 |
---------------+----------+-----
Fire Magic     | 3 |  3.3
Conjurations   | 2 |  2.3
Dodging        | |  1.7
Stealth        | |  1.7
Spellcasting   | |  2.7

Action                   || total
-------------------------++-------
Melee: Unarmed           ||    47
       Kick              ||     5
 Cast: Flame Tongue      ||    59
  Eat: Chunk             ||     1
Armor: Robe              ||    19
Dodge: Dodged            ||    61

Table legend:
 A = Spawn XP
 B = Non-spawn XP
 C = Spawn XP percentage of total XP
 D = Spawn monster count
 E = Non-spawn monster count
 F = Spawn count percentage of total count
 G = Total turns spent on level
                    A         B        C        D         E        F      G
               +---------+---------+-------+---------+---------+-------+---------
         Total |       0 |      93 |   0.0 |       0 |      37 |   0.0 |   972
               +---------+---------+-------+---------+---------+-------+---------
           D:1 |       0 |      47 |   0.0 |       0 |      29 |   0.0 |   862
           D:2 |       0 |      46 |   0.0 |       0 |       8 |   0.0 |   110
               +---------+---------+-------+---------+---------+-------+---------
